 Dungeon Crawl Stone Soup version 0.30-a0-4-ga7cffc901d (webtiles) character file.

Game seed: 9991977360892888996

55 Setbun the Sneak (level 4, 0/25 HPs)
             Began as a Kobold Enchanter on Aug 20, 2022.
             Slain by a kobold
             ... wielding a +0 short sword
              (4 damage)
             ... on level 2 of the Dungeon.
             The game lasted 00:00:56 (1585 turns).

Setbun the Sneak (Kobold Enchanter)                 Turns: 1585, Time: 00:00:56

Health: 0/25       AC:  2    Str:  5    XL:     4   Next: 14%
Magic:  3/7        EV: 15    Int: 16    God:
Gold:   77         SH:  0    Dex: 17    Spells: 6/8 levels left

rFire   . . .      SeeInvis .    a - +1 dagger
rCold   . . .      Faith    .    (no shield)
rNeg    . . .      Spirit   .    b - +0 robe
rPois   .          Reflect  .    (no helmet)
rElec   .          Harm     .    (no cloak)
rCorr   .          Rampage  .    (no gloves)
Will    .....                    (no boots)
Stlth   ++++......               (no amulet)
HPRegen 0.08/turn                (no ring)
MPRegen 0.10/turn                (no ring)

@: no status effects
A: small, no large weapons, nightstalker 3
a: no special abilities


You were on level 2 of the Dungeon.
You visited 1 branch of the dungeon, and saw 2 of its levels.

You collected 77 gold pieces.

Inventory:

Hand Weapons
 a - a +1 dagger (weapon)
Armour
 b - a +0 robe (worn)
Scrolls
 e - a scroll of teleportation {unknown}
 f - a scroll of butterflies {unknown}
 h - a scroll of enchant weapon {unknown}
 i - a scroll of immolation {unknown}
Potions
 c - 3 potions of invisibility
 d - a potion of cancellation {unknown}
 g - a potion of resistance {unknown}
 j - a potion of curing {unknown}


   Skills:
 + Level 1.3 Fighting
 + Level 2.3 Short Blades
 + Level 2.9 Dodging
 + Level 4.6 Stealth
 + Level 2.6 Spellcasting
 + Level 3.2 Hexes


You had 6 spell levels left.
You knew the following spells:

 Your Spells              Type           Power      Damage    Failure   Level
a - Ensorcelled Hibernat  Hex/Ice        14%        N/A       16%         2

Your spell library contained the following spells:

 Spells                   Type           Power      Damage    Failure   Level
 Confusing Touch          Hex            12%        N/A       16%         3
 Tukima's Dance           Hex            12%        N/A       16%         3
 Foxfire                  Conj/Fire      8%         2x1d4     21%         1
 Dazzling Flash           Conj/Hex       14%        N/A       30%         3
 Inner Flame              Hex/Fire       7%         N/A       30%         3
 Conjure Flame            Conj/Fire      2%         6-21      52%         3
 Flame Wave               Conj/Fire      2%         2d4       89%         4


Dungeon Overview and Level Annotations

Branches:
Dungeon (2/15)

Altars:


Innate Abilities, Weirdness & Mutations

You are small and have problems with some larger weapons.
You are completely attuned to the shadows.


Message History

You impale the adder!!
You kill the adder!
The adder closely misses you.
Casting: Ensorcelled Hibernation (safe; 16% risk of failure)
Confirm with . or Enter, or press ? or * to list all spells.
Aiming: Ensorcelled Hibernation (safe; 16% risk of failure)
Press: ? - help, Shift-Dir - straight line, f - adder
Aim: an adder (chance to affect: 50%)
The adder looks drowsy...
You feel sick.
You are no longer poisoned.
The kobold hits you but does no damage.
The helpless adder fails to defend itself.
You impale the adder!!
You kill the adder!
You have reached level 4!
Unknown command.
Casting: Ensorcelled Hibernation (safe; 16% risk of failure)
Confirm with . or Enter, or press ? or * to list all spells.
You don't know that spell.
You hit the kobold but do no damage. You hit the kobold but do no damage.
The kobold barely misses you.
You hit the kobold but do no damage. The rat misses you.
The kobold hits you with a +0 short sword.
You hit the kobold but do no damage. The rat bites you.
* * * LOW HITPOINT WARNING * * *
A kobold comes into view. It is wielding a +0 short sword.
The kobold barely misses you.
You hit the kobold but do no damage. The rat closely misses you.
The kobold misses you.
You closely miss the kobold. The rat bites you.
* * * LOW HITPOINT WARNING * * *
The kobold misses you.
You completely miss the kobold. The rat barely misses you.
The kobold barely misses you.
You hit the kobold.
The kobold is moderately wounded.
The rat bites you.
* * * LOW HITPOINT WARNING * * *
The kobold hits you with a +0 short sword.
You die...

...# #....# #.#..#.## #..
...# #....# ##.#..#.## #<.
...# #....# .##.#..#.## ##.
#.#####....# ..##.#..#.## ..
#.....###.## ...##.#..#.## ..
#...#.###.# ##..##.#..#.## .
..........# #:r.K##.#..#.##
#...#.###### ..##r.##.#..#.##
#####.#....# ###@K.###......#
#.#.##.###...###.#..#†#'#
#.#<...#...###.#..#.###.#
#)...###.###)#..#.###...#
#......#'#.#..#.###....##
#####....#.#.#..#.###.†..#..#
......####....#.###...##.##.#
.........÷.#..###...#..#..#.#
...........#### #############


You could see 2 kobolds and a rat.

Vanquished Creatures
  2 adders (D:2)
  4 endoplasms
  2 giant cockroaches
  2 goblins
  4 hobgoblins
  2 jackals (D:1)
  6 kobolds (D:1)
  3 quokkas
  A ball python (D:1)
  4 bats
  A rat (D:1)
31 creatures vanquished.

Notes
Turn   | Place    | Note
-------+----------+-------------------------------------------
     0 | D:1      | Setbun the Kobold Enchanter began the quest for the Orb.
     0 | D:1      | Reached XP level 1. HP: 10/10 MP: 3/3
   247 | D:1      | Reached XP level 2. HP: 16/16 MP: 5/5
   578 | D:1      | Reached XP level 3. HP: 20/20 MP: 6/6
   581 | D:1      | Learned a level 2 spell: Ensorcelled Hibernation
   689 | D:1      | Reached skill level 1 in Fighting
  1578 | D:2      | Reached XP level 4. HP: 12/25 MP: 2/7
  1585 | D:2      | Slain by a kobold

Illustrated notes

Levels and vault maps discovered:
D:1:      eino_arrival_tree_alley, layout_basic, chequers_serial_rivers_micro_b,
          minivault_24
D:2:      minmay_razor_zed, layout_basic, serial_shops, shop

Skill      XL: |  1  2  3 |
---------------+----------+-----
Short Blades   | 2 |  2.3
Fighting       | 1 |  1.3
Dodging        | |  2.9
Stealth        | |  4.6
Spellcasting   | |  2.6
Hexes          | |  3.2

Action                   |  1- 3 |  4- 6 || total
-------------------------+-------+-------++-------
Melee: Dagger            |    71 |     8 ||    79
 Cast: Ensorcelled Hiber |     2 |       ||     2
 Stab: Sleeping          |    22 |       ||    22
Armor: Robe              |     5 |       ||     5
Dodge: Dodged            |    39 |     8 ||    47

Table legend: (Time is in decaauts)
 A = Elapsed time spent in this place.
 B = Non-inter-level travel time spent in this place.
 C = Inter-level travel time spent in this place.
 D = Time resting spent in this place.
 E = Time spent auto-exploring this place.
 F = Levels seen in this place.
 G = Mean time per level.
                   A        B        C        D        E       F      G
               +--------+--------+--------+--------+--------+-----+--------+
         Total |   1579 |   1549 |     30 |    184 |   1184 |   2 |  789.5 |
       Dungeon |   1579 |   1549 |     30 |    184 |   1184 |   2 |  789.5 |
               +--------+--------+--------+--------+--------+-----+--------+

Top non-repeatable levels by time:
     D:1: 1123 daAuts
     D:2: 455 daAuts
